cohdb
Replays
Latest Replays
All Replays
Popular Replays
Top Player Replays
Match Explorer
How It Works
Community
CoH3 Stats
Reddit
Sign in to upload your games and track your stats! →
Sign in with Steam
Match 45628742
Unlisted
Match 45628742
Overview
Messages
Build Orders
End
Kettenkrad Recon Vehicle
Selects Italian Coastal Battlegroup
Selects Coastal Reserves
Coastal Reserve
Coastal Reserve
Construct Infanterie Kompanie
MG 42 Machine Gun Team
MG 42 Bunker
Selects Artillery Officer
Artillery Officer
Construct Luftwaffe Kompanie
Jäger Squad
MG 42 Bunker
Luftwaffe Officer Quarters
MG 42 Bunker
Jäger Squad
Construct Panzer Kompanie
Selects Coastal Wall
Selects Designate Defensive Line
Brick_man
Engooeer
0
0
Comments
sign in to comment!
No comments posted yet!